 Dungeon Crawl Stone Soup version 0.27-a0-1359-ga2a4dfd6fd (webtiles) character file.

Game seed: 420852566806795486

27 Brandom the Skirmisher (level 2, -14/29 HPs)
             Began as a Troll Delver on June 28, 2021.
             Demolished by an ogre (19 damage)
             ... on level 5 of the Dungeon.
             The game lasted 00:03:51 (754 turns).

Brandom the Skirmisher (Troll Delver)                Turns: 754, Time: 00:03:51

Health: -14/29     AC:  4    Str: 19    XL:     2   Next: 93%
Magic:  1/1        EV: 10    Int:  6    God:
Gold:   0          SH:  0    Dex: 11    Spells: 1/1 levels left

rFire    . . .     SeeInvis .     - Unarmed
rCold    . . .     Faith    .   (no shield)
rNeg     . . .     Spirit   .   a - +0 robe
rPois    .         Reflect  .   (helmet restricted)
rElec    .         Harm     .   (no cloak)
rCorr    .         Rampage  .   (gloves unavailable)
Will     .....                  (boots unavailable)
Stlth    ++........             (no amulet)
HPRegen  1.09/turn              (no ring)
MPRegen  0.07/turn              (no ring)

@: very slow
A: large, unfitting armour, claws 3, regeneration 1, shaggy fur 1, tough skin 1
a: no special abilities


You were on level 5 of the Dungeon.
You visited 1 branch of the dungeon, and saw 1 of its levels.
You also visited: Sewer.

Inventory:

Armour
 a - a +0 robe (worn)
Wands
 v - a wand of digging (3)
Scrolls
 b - a scroll of fog
 c - 2 scrolls of magic mapping
 d - 2 scrolls of fear
 f - a scroll of immolation {unknown}
 g - a scroll of teleportation {unknown}
Potions
 e - 2 potions of haste {@q3}
 h - a potion of magic {unknown}
 i - a potion of brilliance {unknown}
 j - a potion of heal wounds {unknown}


   Skills:
 * Level 2.8 Fighting
 + Level 1.9 Dodging
 - Level 2.7 Stealth
 * Level 2.6 Unarmed Combat


You had one spell level left.
You didn't know any spells.
Your spell library was empty.

Dungeon Overview and Level Annotations

Branches:
Dungeon (5/15)              Sewer (visited)
 Temple: D:4-7

Altars:


Innate Abilities, Weirdness & Mutations

You are too large for most types of armour.
You have claws for hands.
Your natural rate of healing is unusually fast.
You are covered in fur. (AC +1)
You have tough skin. (AC +1)


Message History

j - a glowing coppery potion There's nothing to close nearby.
You enter the shallow water.
Moving in this stuff is going to be slow.
You enter the shallow water.
Moving in this stuff is going to be slow.
You scratch the plant.
The plant begins to die.
You scratch the plant. You scratch the plant. You claw the plant!
A nearby plant withers and dies.
You claw the plant!
The plant begins to die.
You scratch the plant. You claw the plant! You claw the plant!
A nearby plant withers and dies.
A kobold comes into view. It is wielding a +0 whip.
The kobold barely misses you.
You claw the kobold!
You kill the kobold!
Found a potion of haste.
Things that are here:
a +0 whip; a kobold corpse You enter the shallow water.
Moving in this stuff is going to be slow.
e - 2 potions of haste {@q3} (gained 1)
You enter the shallow water.
Moving in this stuff is going to be slow.
Things that are here:
a +0 whip; a kobold corpse You enter the shallow water.
Moving in this stuff is going to be slow.
You enter the shallow water.
Moving in this stuff is going to be slow.
You enter the shallow water.
Moving in this stuff is going to be slow.
Things that are here:
a +0 whip; 5 stones You enter the shallow water.
Moving in this stuff is going to be slow.
There is an empty arch of ancient stone here.
There is a gate leading back out of this place here.
There is a collapsed entrance here.
You scratch the ogre.
The ogre hits you with a +0 giant spiked club!!
Ouch! That really hurt!
* * * LOW HITPOINT WARNING * * *
You enter the shallow water.
Moving in this stuff is going to be slow.
The ogre hits you with a +0 giant spiked club!!
Ouch! That really hurt!
You die...

#...$..# #.
##......+
#.###.......##
#.............
##..#≈..#.....#
.....≈≈≈≈≈...# #
...#≈≈≈≈≈≈≈#.#.#
....≈≈≈≈@≈≈≈.#.##.
....≈≈≈O≈≈≈.......
....≈≈≈≈≈≈÷÷....#
##.#≈≈≈≈≈≈≈#....+
....≈≈≈≈≈......#
.....#...#..#####
............#
.........##.#
.##+#######.#


You could see an ogre.

Vanquished Creatures
  11 jackals (Sewer)
  5 ball pythons
  6 frilled lizards (Sewer)
  2 kobolds (Sewer)
  A rat (D:5)
25 creatures vanquished.

Vanquished Creatures (others)
  13 plants (Sewer)
13 creatures vanquished.

Grand Total: 38 creatures vanquished

Notes
Turn   | Place    | Note
-------+----------+-------------------------------------------
     0 | D:5      | Brandom the Troll Delver began the quest for the Orb.
     0 | D:5      | Reached XP level 1. HP: 22/22 MP: 0/0
    16 | D:5      | Found a glowing drain.
    33 | D:5      | Noticed an ogre
    35 | Sewer    | Entered a sewer
   122 | Sewer    | Reached XP level 2. HP: 29/29 MP: 1/1
   754 | D:5      | Demolished by an ogre

Illustrated notes

Levels and vault maps discovered:
D:5:      layout_basic, kennysheep_mini, lemuel_crystal_altar,
          cheibrodos_sewer_entry_drain, dk_noncrumbling_4, uniq_ijyb,
          uniq_sigmund

Action                   || total
-------------------------++-------
Melee: Unarmed           ||   107
       Punch             ||     1
 Stab: Sleeping          ||     2
Armor: Robe              ||    33
Dodge: Dodged            ||    37

Table legend: (Time is in decaauts)
 A = Elapsed time spent in this place.
 B = Non-inter-level travel time spent in this place.
 C = Inter-level travel time spent in this place.
 D = Time resting spent in this place.
 E = Time spent auto-exploring this place.
 F = Levels seen in this place.
 G = Mean time per level.
                   A        B        C        D        E       F      G
               +--------+--------+--------+--------+--------+-----+--------+
         Total |    937 |    937 |      0 |      6 |    578 |   2 |  468.5 |
       Dungeon |     40 |     40 |      0 |      0 |     16 |   1 |   40.0 |
         Sewer |    897 |    897 |      0 |      6 |    562 |   1 |  897.0 |
               +--------+--------+--------+--------+--------+-----+--------+

Top non-repeatable levels by time:
   Sewer: 897 daAuts
     D:5: 40 daAuts
